 Dungeon Crawl Stone Soup version 0.31.0-11-ge490571c62 (webtiles) character file.

Game seed: 17572686903618955901

714 Ashen the Trooper (level 7, -4/64 HPs)
             Began as a Hill Orc Monk on Feb 1, 2024.
             Was a Believer of Beogh.
             Slain by a killer bee (8 damage)
             ... on level 5 of the Dungeon.
             The game lasted 00:07:12 (4119 turns).

Ashen the Trooper (Hill Orc Monk)                   Turns: 4119, Time: 00:07:13

Health: -4/64      AC:  4    Str: 14    XL:     7   Next: 69%
Magic:  7/7        EV: 13    Int: 10    God:    Beogh [**....]
Gold:   348        SH:  0    Dex: 15    Spells: 6/6 levels left

rFire   . . .        f - +2 dagger (elec)
rCold   . . .        d - orb {light}
rNeg    . . .        p - +0 leather armour
rPois   .            (no helmet)
rElec   .            (no cloak)
rCorr   .            b - +0 pair of gloves
SInv    .            (no boots)
Will    .....        (no amulet)
Stlth   +            (no ring)
HPRegen 0.30/turn    (no ring)
MPRegen 0.10/turn

%: no passive effects
@: glowing
A: no striking features
a: Renounce Religion, Smiting


You were on level 5 of the Dungeon.
You worshipped Beogh.
Beogh was pleased with you.
You visited 1 branch of the dungeon, and saw 5 of its levels.

You collected 348 gold pieces.

Inventory:

Hand Weapons
 a - a +0 spear
 c - a +0 bardiche
 f - a +2 dagger of electrocution (weapon)
Armour
 b - a +0 pair of gloves (worn)
 d - an orb of light (worn)
 p - a +0 leather armour (worn)
Wands
 m - a wand of polymorph (4)
Scrolls
 e - a scroll of revelation {unknown}
 g - 3 scrolls of teleportation {unknown}
 h - a scroll of acquirement {unknown}
 i - 2 scrolls of poison {unknown}
 k - a scroll of immolation {unknown}
 n - 2 scrolls of fear {unknown}
 o - a scroll of identify {unknown}
 r - a scroll of butterflies {unknown}
Potions
 j - a potion of haste {unknown}
 l - a potion of brilliance {unknown}
 q - a potion of curing {unknown}


   Skills:
 + Level 6.8 Fighting
 + Level 6.1 Polearms
 + Level 4.5 Dodging


You had 6 spell levels left.
You didn't know any spells.
Your spell library contained the following spells:

 Spells                   Type           Power      Damage    Failure   Level
 Gell's Gravitas          Tloc           0%         N/A       82%         3
 Teleport Other           Tloc           0%         N/A       82%         3
 Dispersal                Tloc           0%         N/A       100%        6


Dungeon Overview and Level Annotations

Branches:
Dungeon (5/15)
 Temple: D:4-7

Altars:

Annotations:
D:5 1 runed translucent door, Crazy Yiuf


Message History

The steam dragon breathes steam at you. The ball of steam hits you!
You hit the steam dragon.
The steam dragon is lightly wounded.
You are engulfed in a cloud of scalding steam.
The steam dragon closely misses you. x2
You hit the steam dragon.
The steam dragon is lightly wounded.
You are engulfed in a cloud of scalding steam.
The steam dragon barely misses you. The steam dragon closely misses you.
You hit the steam dragon but do no damage.
The steam dragon is lightly wounded.
You are engulfed in a cloud of scalding steam.
The steam dragon barely misses you.
The steam dragon claws you but does no damage.
You hit the steam dragon but do no damage.
The steam dragon is lightly wounded.
The steam dragon misses you. The steam dragon claws you.
You hit the steam dragon.
The steam dragon is moderately wounded.
The steam dragon bites you but does no damage.
The steam dragon claws you but does no damage.
You barely miss the steam dragon.
The steam dragon is moderately wounded.
The steam dragon breathes steam at you. The ball of steam hits you!
You barely miss the steam dragon.
The steam dragon is moderately wounded.
The steam dragon bites you!
* * * LOW HITPOINT WARNING * * *
The steam dragon barely misses you.
Okay, then.
Aiming: Polymorph
Press: ? - help, Shift-Dir - straight line, f - steam dragon
Aim: a steam dragon (moderately wounded, catching its breath, haloed, will become a killer bee, a swamp drake, or a bat, chance to affect: 49%)
The steam dragon evaporates and reforms as a killer bee!
You are engulfed in a cloud of scalding steam.
* * * LOW HITPOINT WARNING * * *
The killer bee stings you!
You die...

.......#.#.#.....######
.........#..###........
........##..###...#####
.......##...###..# #
.......###...##..#
.#####..<###.#.....#
...........#.#.....#
########.#...#.....#
......y@###........#
.#####ยงยง.##..........
###..#######.#### #..#
#.# .... #.. .###. # #


You could see a killer bee.

Vanquished Creatures
  Prince Ribbit (D:5)
  A black bear (D:5)
  An ogre (D:4)
  A howler monkey (D:4)
  A sleepcap (D:4)
  2 iguanas
  An orc wizard (D:3)
  7 gnolls
  5 adders
  3 dart slugs
  A ribbon worm (D:3)
  9 orcs
  3 bats
  7 endoplasms
  7 giant cockroaches
  4 goblins
  11 hobgoblins
  A quokka (D:1)
  12 ball pythons
  3 frilled lizards (D:1)
  7 kobolds
  A rat (D:3)
89 creatures vanquished.

Notes
Turn   | Place    | Note
-------+----------+-------------------------------------------
     0 | D:1      | Ashen the Hill Orc Monk began the quest for the Orb.
     0 | D:1      | Reached XP level 1. HP: 19/19 MP: 1/1
   108 | D:1      | Reached XP level 2. HP: 19/27 MP: 2/2
   256 | D:1      | Reached XP level 3. HP: 32/33 MP: 3/3
  1441 | D:3      | Reached XP level 4. HP: 41/41 MP: 4/4
  1609 | D:3      | Became a worshipper of Beogh the Brigand
  1609 | D:3      | Reached * piety under Beogh
  1609 | D:3      | Reached ** piety under Beogh
  2273 | D:4      | Identified the +7 dagger "Ylloph" {freeze, rC+ Dex+3}
  2288 | D:4      | Reached XP level 5. HP: 18/47 MP: 5/5
  2497 | D:4      | Reached skill level 5 in Fighting
  3036 | D:3      | Reached XP level 6. HP: 38/56 MP: 6/6
  3167 | D:4      | Reached skill level 5 in Polearms
  3637 | D:5      | Entered Level 5 of the Dungeon
  3665 | D:5      | Noticed Prince Ribbit
  3684 | D:5      | Killed Prince Ribbit
  3685 | D:5      | Reached XP level 7. HP: 31/64 MP: 7/7
  3880 | D:5      | Found a runed translucent door.
  3881 | D:5      | Noticed Crazy Yiuf
  4108 | D:5      | Noticed a steam dragon
  4119 | D:5      | a steam dragon changed into a killer bee
  4119 | D:5      | Slain by a killer bee

Illustrated notes

Levels and vault maps discovered:
D:1:      lemuel_arrival_rhombus, layout_rooms,
          wander_ebering_terrifying_dragon_lair
D:2:      layout_basic
D:3:      layout_loops_cross
D:4:      layout_loops_ring
D:5:      lemuel_insect_pit, layout_rooms, serial_co_window_serial,
          co_window_paths_a, co_window_of_opportunity_a, co_window_paths_a,
          co_window_paths_a, co_window_of_opportunity_a, co_window_broadway_a,
          co_window_2corner, co_window_2corner, co_window_4corner_a,
          glass_columns_b, glass_columns_c, glass_columns_a, glass_columns_c,
          uniq_crazy_yiuf_cottage, uniq_prince_ribbit1

Skill      XL: |  1  2  3  4  5  6  7 |
---------------+----------------------+-----
Fighting       | 4 5 6 |  6.8
Polearms       | 4 5 6 |  6.1
Dodging        | 3 4 |  4.5

Action                     |  1- 3 |  4- 6 |  7- 9 || total
---------------------------+-------+-------+-------++-------
  Melee: Dagger            |    65 |   180 |    23 ||   268
         Spear             |     6 |       |       ||     6
 Invoke: Convert to Beogh  |       |     1 |       ||     1
  Evoke: Wand              |       |     3 |     1 ||     4
    Use: Potion            |     1 |     1 |       ||     2
 Armour: Robe              |    38 |    31 |       ||    69
         Leather armour    |       |    67 |    30 ||    97
  Dodge: Dodged            |    42 |   130 |    20 ||   192
